 Dungeon Crawl Stone Soup version 0.23.1 (webtiles) character file.

Game seed: 3000307420087504345

67 Borgoz the Sneak (level 4, -6/34 HPs)
             Began as a Ghoul Enchanter on Mar 5, 2019.
             Killed by divine providence
             ... invoked by an orc priest
              (11 damage)
             ... on level 3 of the Dungeon.
             The game lasted 00:03:55 (1885 turns).

Borgoz the Sneak (Ghoul Enchanter)                  Turns: 1885, Time: 00:03:56

Health: -6/34      AC:  3    Str: 11    XL:     4   Next: 18%
Magic:  5/6        EV: 12    Int: 13    God:
Gold:   68         SH:  0    Dex: 10    Spells: 1/7 levels left

rFire    . . .     SeeInvis .   a - +1 dagger
rCold    + . .     Gourm    .   (no shield)
rNeg     + + +     Faith    .   b - +0 robe
rPois    ∞         Spirit   .   (no helmet)
rElec    .         Reflect  .   (no cloak)
rCorr    .         Harm     .   i - +0 pair of gloves
MR       .....                  (no boots)
Stlth    ++........             (no amulet)
HPRegen  0.00/turn              h - +3 ring of intelligence
MPRegen  0.10/turn              (no ring)

@: flying, very slightly contaminated, rotting
A: rotting body, claws 1, carnivore, cold resistance 1, negative energy
resistance 3, inhibited regeneration, torment resistance, unbreathing
a: no special abilities


You were on level 3 of the Dungeon.
You were not hungry.

You visited 1 branch of the dungeon, and saw 3 of its levels.

You collected 68 gold pieces.

Inventory:

Hand Weapons
 a - a +1 dagger (weapon)
Armour
 b - a +0 robe (worn)
 i - a +0 pair of gloves (worn)
Jewellery
 h - a +3 ring of intelligence (left hand)
Scrolls
 e - a scroll of amnesia {unknown}
 k - a scroll of identify {unknown}
Potions
 c - a potion of lignification
 j - 3 potions of curing
Comestibles
 d - 4 rations


   Skills:
 + Level 0.4 Fighting
 + Level 1.1 Short Blades
 + Level 2.2 Dodging
 + Level 4.0 Stealth
 + Level 2.4 Spellcasting
 + Level 2.7 Hexes
 + Level 0.3 Ice Magic


You had one spell level left.
You knew the following spells:

 Your Spells              Type           Power        Failure   Level  Hunger
a - Corona                Hex            #......      8%          1    #......
b - Ensorcelled Hibernat  Hex/Ice        #.....       21%         2    ###....
c - Confuse               Hex            #.......     24%         3    ###....

Your spell library contained the following spells:

 Spells                   Type           Power        Failure   Level  Hunger
 Tukima's Dance           Hex            #.......     24%         3    ###....
 Dazzling Spray           Conj/Hex       #.....       38%         3    ###....


Dungeon Overview and Level Annotations

Branches:
Dungeon (3/15)

Altars:

Annotations:
D:2 Natasha


Innate Abilities, Weirdness & Mutations

Your body is rotting away.
You thrive on raw meat.
You are immune to poison.
You have sharp fingernails.
You are carnivorous and can eat meat at any time.
Your flesh is cold resistant. (rC+)
You are immune to negative energy. (rN+++)
You do not regenerate when monsters are visible.
You are immune to unholy pain and torment.
You can survive without breathing.


Message History

The orc is lightly wounded.
The orc barely misses you.
The orc priest looks encouraged for a moment.
You hit the orc.
The orc is heavily wounded.
The orc closely misses you.
The orc priest calls down the wrath of Beogh upon you.
Beogh smites you!
* * * LOW HITPOINT WARNING * * *
Okay, then.
It was a potion of lignification.
You feel woody for a moment. The orc completely misses you.
It was a potion of flight.
You feel very buoyant.
You fly up into the air.
The orc barely misses you.
You feel better. The orc hits you with a +0 dagger.
* * * LOW HITPOINT WARNING * * *
The orc priest invokes the aid of Beogh against you.
Beogh smites you!
You die...

### ###
#####<###.######
#..............#
#.###.########.#
...#..ooo@..#
#####.########


You could see an orc priest and 2 orcs.

Vanquished Creatures
  An adder (D:2)
  2 oozes (D:1)
  2 worms (D:2)
  2 leopard geckos
  4 giant cockroaches
  7 goblins
  3 hobgoblins (D:1)
  2 jackals (D:2)
  3 kobolds
  A quokka (D:3)
  7 bats
  3 frilled lizards
  2 rats (D:2)
39 creatures vanquished.

Notes
Turn   | Place    | Note
-------+----------+-------------------------------------------
     0 | D:1      | Borgoz the Ghoul Enchanter began the quest for the Orb.
     0 | D:1      | Reached XP level 1. HP: 14/14 MP: 2/2
   296 | D:1      | Reached XP level 2. HP: 20/20 MP: 4/4
   695 | D:1      | Reached XP level 3. HP: 26/26 MP: 5/5
  1072 | D:2      | Noticed Natasha
  1078 | D:1      | Learned a level 2 spell: Ensorcelled Hibernation
  1082 | D:1      | Learned a level 3 spell: Confuse
  1162 | D:2      | Reached skill level 1 in Short Blades
  1490 | D:2      | Reached skill level 4 in Stealth
  1495 | D:2      | Reached XP level 4. HP: 19/34 MP: 6/6
  1885 | D:3      | Killed from afar by an orc priest

Skill      XL: |  1  2  3 |
---------------+----------+-----
Spellcasting   | 2 |  2.4
Dodging        | 2 |  2.2
Short Blades   | 1 |  1.1
Stealth        | 4 |  4.0
Fighting       | |  0.4
Hexes          | |  2.7
Ice Magic      | |  0.3

Action                   |  1- 3 |  4- 6 || total
-------------------------+-------+-------++-------
Melee: Dagger            |   151 |    47 ||   198
 Cast: Corona            |     3 |       ||     3
       Ensorcelled Hiber |     4 |       ||     4
  Use: Potion            |       |     3 ||     3
 Stab: Sleeping          |     9 |     2 ||    11
       Distracted        |     1 |       ||     1
  Eat: Chunk             |    10 |     1 ||    11
Armor: Robe              |    40 |    19 ||    59
Dodge: Dodged            |   108 |    47 ||   155
